AoeStats
← frizboum

Oasis

510139657Analyzed
3v3 RM · 14d ago on Sep 29, 2026· 47m 4s· 6 players
Game mode
Random Map
Map size
Normal (6 player)
Population
200
Speed
Normal
Resources
Standard
Victory
Conquest
Starting age
Dark Age
Ending age
Imperial Age
RankedLock teamsTeams togetherTeam positionsShared explorationLock speedFull tech treeHidden civsTurbo modeCheats
Victory
Defeat
🇵🇱 Danes · Poland
831
+16
🇬🇧 Bulgarians · United Kingdom
818
+17
🇫🇷 Malians · France
798
+18
vs
🇹🇷 Italians · Türkiye
890
-19
🇹🇷 Mongols · Türkiye
812
-16
🇹🇷 Britons · Türkiye
805
-16
ISpillTheCoffee
0:54 Loom
10:24 Feudal Age
11:12 Horse Collar
12:17 Town Watch
12:23 Double-Bit Axe
19:18 Castle Age
18:50 Gold Mining
19:55 Wheelbarrow
20:01 Forging
19:56 Scale Barding Armor
22:57 Scale Mail Armor
23:19 Chain Barding Armor
24:40 Heavy Plow
25:53 Bloodlines
27:23 Stone Mining
29:02 Gold Shaft Mining
29:16 Iron Casting
30:07 Hand Cart
31:31 Stone Shaft Mining
30:52 Fletching
31:19 Chain Mail Armor
31:07 Husbandry
31:54 Bow Saw
35:07 Imperial Age
33:24 Stirrups
34:53 Arson
35:09 Squires
34:54 Gambesons
38:00 Blast Furnace
37:36 Plate Barding Armor
37:33 Plate Mail Armor
36:54 Capped Ram
39:44 Elite Konnik
41:35 Siege Ram
frizboum
0:40 Loom
13:22 Feudal Age
14:01 Double-Bit Axe
13:59 Horse Collar
14:16 Stone Mining
14:21 Gold Mining
16:50 Wheelbarrow
23:38 Castle Age
23:30 Fletching
24:26 Heavy Plow
24:39 Bow Saw
25:23 Stone Shaft Mining
25:55 Gold Shaft Mining
27:07 Fortified Wall
27:19 Ballistics
32:55 Imperial Age
31:09 Arson
31:38 Forging
31:29 Scale Mail Armor
33:01 Iron Casting
32:42 Chain Mail Armor
33:59 Conscription
34:02 Hand Cart
33:57 Capped Ram
37:35 Bodkin Arrow
38:11 Plate Mail Armor
40:00 Padded Archer Armor
40:45 Murder Holes
43:38 Caravan
44:09 Coinage
44:03 Leather Archer Armor
45:07 Crop Rotation
47:29 Chemistry
malolepszy.adrian
10:58 Feudal Age
12:18 Wheelbarrow
11:30 Double-Bit Axe
12:29 Horse Collar
13:32 Gold Mining
18:18 Forging
20:39 Castle Age
19:15 Stone Mining
21:55 Bow Saw
24:11 Hand Cart
24:07 Heavy Plow
24:54 Stone Shaft Mining
28:14 Iron Casting
27:51 Scale Mail Armor
30:47 Gold Shaft Mining
33:41 Imperial Age
32:35 Caravan
34:37 Iron Casting
33:53 Fletching
33:33 Hamask
34:04 Arson
35:02 Elite Varangian Guard
36:12 Conscription
37:58 Squires
37:48 Gambesons
39:22 Blast Furnace
38:39 Chain Mail Armor
37:47 Elite Jomsviking
40:29 Bodkin Arrow
killiomer07
7:55 Loom
10:52 Feudal Age
11:33 Double-Bit Axe
15:37 Castle Age
14:37 Double-Bit Axe
18:08 Bow Saw
29:55 Imperial Age
29:07 Squires
28:52 Arson
28:29 Man-at-Arms
30:36 Wheelbarrow
29:46 Town Watch
31:45 Two-Man Saw
30:29 Horse Collar
31:54 Hand Cart
31:40 Town Patrol
31:27 Loom
32:08 Long Swordsman
33:16 Heavy Plow
33:48 Gold Mining
33:48 Stone Mining
34:23 Forging
34:14 Scale Mail Armor
34:13 Two-Handed Swordsman
35:12 Champion
36:41 Iron Casting
36:21 Chain Mail Armor
39:21 Pikeman
41:11 Blast Furnace
40:41 Plate Mail Armor
ahmet19288305
6:25 Loom
10:14 Feudal Age
10:43 Double-Bit Axe
11:37 Loom
19:10 Castle Age
17:54 Fletching
18:27 Horse Collar
19:24 Stone Mining
20:48 Bow Saw
22:00 Heavy Plow
22:19 Padded Archer Armor
22:19 Bodkin Arrow
25:17 Thumb Ring
27:59 Wheelbarrow
28:02 Leather Archer Armor
28:16 Gold Mining
29:01 Town Watch
32:15 Squires
31:35 Pikeman
32:01 Arson
31:47 Elite Skirmisher
34:34 Husbandry
34:47 Bloodlines
35:02 Scale Barding Armor
42:21 Imperial Age
40:10 Hand Cart
42:14 Ballistics
42:34 Murder Holes
43:27 Conscription
44:55 Chemistry
Cpt. John "Soap" MacTavish
13:06 Feudal Age
20:00 Castle Age
18:54 Double-Bit Axe
18:50 Horse Collar
20:28 Crossbowman
23:07 Fortified Wall
25:46 Bow Saw
25:53 Padded Archer Armor
25:44 Fletching
27:15 Leather Archer Armor
27:46 Heavy Plow
28:37 Gold Mining
28:37 Stone Mining
30:15 Bodkin Arrow
33:37 Gold Shaft Mining
34:35 Ballistics
34:14 Murder Holes
39:05 Imperial Age
39:02 Yeomen
40:22 Ring Archer Armor
39:52 Bracer
39:15 Arbalester
41:01 Chemistry
Connection lost

Rejoining the realm…

Still unreachable

The connection could not be restored.

Session expired

The server has moved on; the page needs a fresh start.